 Dungeon Crawl Stone Soup version 0.31-a0-1620-gcbf77bbcfc (webtiles) character file.

Game seed: 9895385565427408647

37 Flugslaktarn the Trooper (level 3, -1/33 HPs)
             Began as a Minotaur Fighter on Jan 11, 2024.
             Slain by a gnoll
             ... wielding a +0 spear
              (3 damage)
             ... on level 2 of the Dungeon.
             The game lasted 00:00:33 (1091 turns).

Flugslaktarn the Trooper (Minotaur Fighter)         Turns: 1091, Time: 00:00:34

Health: -1/33      AC:  7    Str: 22    XL:     3   Next: 21%
Magic:  2/2        EV:  9    Int:  5    God:
Gold:   78         SH:  4    Dex:  9    Spells: 2/2 levels left

rFire   . . .        a - +0 war axe
rCold   . . .        c - +0 buckler
rNeg    . . .        b - +0 scale mail
rPois   .            (helmet restricted)
rElec   .            (no cloak)
rCorr   .            (no gloves)
SInv    .            (no boots)
Will    .....        (no amulet) Stlth
                     (no ring)
HPRegen 0.25/turn    (no ring)
MPRegen 0.08/turn

%: no passive effects
@: no status effects
A: horns 2, retaliatory headbutt
a: no special abilities


You were on level 2 of the Dungeon.
You visited 1 branch of the dungeon, and saw 2 of its levels.

You collected 78 gold pieces.

Inventory:

Hand Weapons
 a - a +0 war axe (weapon)
Armour
 b - a +0 scale mail (worn)
 c - a +0 buckler (worn)
Jewellery
 k - a ring of resist corrosion
   (You found it on level 1 of the Dungeon)
Scrolls
 f - a scroll of revelation {unknown}
 i - a scroll of immolation {unknown}
 l - a scroll of fear {unknown}
Potions
 d - a potion of might
 g - a potion of curing {unknown}
 h - a potion of brilliance {unknown}
 j - a potion of haste {unknown}


   Skills:
 * Level 4.2 Fighting
 * Level 3.3 Axes
 + Level 3.9 Armour
 + Level 3.9 Shields


You had 2 spell levels left.
You didn't know any spells.
Your spell library was empty.

Dungeon Overview and Level Annotations

Branches:
Dungeon (2/15)

Altars:


Innate Abilities, Weirdness & Mutations

You have a pair of horns on your head.
You reflexively headbutt those who attack you in melee.


Message History

No target in view!
No target in view!
You open the door.
A kobold comes into view. It is wielding a +0 short sword.
The kobold shouts!
You hear a loud squeak.
The kobold moves out of view.
Found a short sword.
No target in view!
A rat comes into view.
The rat squeaks loudly.
The kobold throws a stone.
The stone barely misses you.
There is an open door here.
There are monsters nearby!
The kobold closely misses you.
You hit the kobold.
You kill the kobold!
You barely miss the rat. The rat closely misses you. You furiously retaliate!
You headbutt the rat.
You kill the rat!
No target in view!
No target in view!
No target in view!
No target in view!
No target in view!
No target in view!
A rat comes into view.
The rat squeaks loudly.
A rat is nearby!
A rat is nearby!
A rat is nearby!
The rat closely misses you.
You hit the rat. Your headbutt misses the rat.
The rat is moderately wounded.
The rat bites you but does no damage. The rat barely misses you.
You furiously retaliate!
You headbutt the rat.
You kill the rat!
No target in view!
No target in view!
No target in view!
No target in view! 4 gnolls come into view.
A gnoll is wielding a +0 spear and quivering 2 throwing nets.
A gnoll is wielding a +0 vampiric whip.
The gnoll shouts! x4
There are monsters nearby!
There are monsters nearby!
The gnoll hits you with a +0 halberd. You block the gnoll's attack.
You hit the gnoll.
The gnoll is lightly wounded.
The gnoll hits you but does no damage. x2
You hit the gnoll.
The gnoll is heavily wounded.
The gnoll hits you with a +0 halberd. The gnoll barely misses you.
You barely miss the gnoll.
The gnoll is heavily wounded.
The gnoll hits you with a +0 halberd! The gnoll barely misses you.
The gnoll hits you with a +0 halberd. The gnoll closely misses you.
You barely miss the gnoll.
The gnoll is heavily wounded.
The gnoll hits you but does no damage.
The gnoll hits you from afar with a +0 spear.
* * * LOW HITPOINT WARNING * * *
You are too injured to fight recklessly!
Unknown command.
The gnoll closely misses you.
Okay, then.
As you read the scroll labelled JUIFUELEMP, it crumbles to dust.
You hear the flapping of tiny wings.
It was a scroll of butterflies.
Something closely misses your butterfly.
Unknown command.
You swap places.
Something closely misses your butterfly.
You swap places.
Something closely misses your butterfly.
You swap places.
Something closely misses your butterfly.
You swap places.
Something hits your butterfly!!
Your butterfly dies!
Your butterfly disappears in a burst of colours!
You now have 78 gold pieces (gained 12).
You swap places.
The gnoll barely misses your butterfly.
You swap places.
You swap places.
You start resting.
Your butterfly disappears in a burst of colours!
A gnoll is nearby!
A gnoll is nearby!
A gnoll is nearby!
The gnoll hits you from afar with a +0 halberd!
* * * LOW HITPOINT WARNING * * *
You are too injured to fight recklessly!
You are too injured to fight recklessly!
You are too injured to fight recklessly!
You are too injured to fight recklessly!
You are too injured to fight recklessly!
Something closely misses your butterfly.
You swap places.
The gnoll barely misses your butterfly.
The gnoll hits you from afar with a +0 spear.
* * * LOW HITPOINT WARNING * * *
The gnoll hits you from afar with a +0 spear.
You die...

### ### #.###########.#
#....b......#.#
#.#########.#.g #.# #b#g#
#g# #b#g# #.# ######b#g#
#b####....bb#.##.#
###########@bggg...b.bgbb...
#..........b####+######b##.#
#.#########b# .....#


#bbb . #.#########.# .[...######b# #.#......#..###).........# .
#.#............###.......### #.#.>......).............#..
#.#......##....#.........#.# #.####.........#.........#.# You could see 4
gnolls.

Vanquished Creatures
  A dart slug (D:2)
  A ribbon worm (D:2)
  An endoplasm (D:1)
  3 giant cockroaches (D:1)
  A goblin (D:1)
  A hobgoblin (D:1)
  4 jackals (D:1)
  3 kobolds
  3 quokkas
  5 ball pythons (D:1)
  A bat (D:1)
  A frilled lizard (D:2)
  5 rats
30 creatures vanquished.

Notes
Turn   | Place    | Note
-------+----------+-------------------------------------------
     0 | D:1      | Flugslaktarn the Minotaur Fighter began the quest for the
                  | Orb.
     0 | D:1      | Reached XP level 1. HP: 19/19 MP: 0/0
   130 | D:1      | Reached XP level 2. HP: 27/27 MP: 1/1
   314 | D:1      | Reached skill level 4 in Fighting
   852 | D:2      | Reached XP level 3. HP: 12/33 MP: 2/2
  1091 | D:2      | Slain by a gnoll

Illustrated notes

Levels and vault maps discovered:
D:1:      dpeg_arrival_tiny_f, layout_loops_ring
D:2:      layout_basic, minmay_pentomino_v2

Skill      XL: |  1  2 |
---------------+-------+-----
Fighting       | 4 |  4.2
Axes           | 3 |  3.3
Armour         | |  3.9
Shields        | |  3.9

Action                     || total
---------------------------++-------
  Melee: War axe           ||    71
         Headbutt          ||     8
    Use: Scroll            ||     1
 Armour: Scale mail        ||    65
  Dodge: Dodged            ||    40
  Block: Buckler           ||    19

Table legend: (Time is in decaauts)
 A = Elapsed time spent in this place.
 B = Non-inter-level travel time spent in this place.
 C = Inter-level travel time spent in this place.
 D = Time resting spent in this place.
 E = Time spent auto-exploring this place.
 F = Levels seen in this place.
 G = Mean time per level.
                   A        B        C        D        E       F      G
               +--------+--------+--------+--------+--------+-----+--------+
         Total |   1117 |   1110 |      7 |     10 |    883 |   2 |  558.5 |
       Dungeon |   1117 |   1110 |      7 |     10 |    883 |   2 |  558.5 |
               +--------+--------+--------+--------+--------+-----+--------+

Top non-repeatable levels by time:
     D:1: 837 daAuts
     D:2: 280 daAuts
